 Dungeon Crawl Stone Soup version 0.26-a0-466-g989023bd0d (webtiles) character file.

Game seed: 18405145466085200308

1294 susurrous the Chopper (level 8, 0/70 HPs)
             Began as a Troll Earth Elementalist on Aug 12, 2020.
             Was a Follower of Cheibriados.
             Succumbed to a gnoll sergeant's poison
             ... on level 6 of the Dungeon.
             The game lasted 00:12:23 (4732 turns).

susurrous the Chopper (Troll Earth Elementalist)    Turns: 4732, Time: 00:12:23

Health: 0/70       AC:  6    Str: 22    XL:     8   Next: 30%
Magic:  9/9        EV: 10    Int: 14    God:    Cheibriados [*.....]
Gold:   299        SH:  5    Dex: 13    Spells: 7/10 levels left

rFire    + . .     SeeInvis .   h - +1 war axe (elec)
rCold    . . .     Faith    .   (no shield)
rNeg     . . .     Spirit   .   c - +0 robe
rPois    .         Reflect  +   (helmet restricted)
rElec    .         Harm     .   (no cloak)
rCorr    .                      (gloves unavailable)
MR       .....                  (boots unavailable)
Stlth    +++.......             a - amulet of reflection
HPRegen  0.61/turn              o - ring of stealth
MPRegen  0.11/turn              (no ring)

@: lethally poisoned (0 -> -21), very slow
A: large, unfitting armour, claws 3, blurry vision 1, fire resistance 1,
regeneration 1, shaggy fur 1, tough skin 3
a: Bend Time, Renounce Religion


You were on level 6 of the Dungeon.
You worshipped Cheibriados.
Cheibriados was aware of your devotion.
You visited 2 branches of the dungeon, and saw 7 of its levels.

You collected 299 gold pieces.

Inventory:

Hand Weapons
 h - a +1 war axe of electrocution (weapon)
 l - a +0 broad axe
 m - a +1 whip of electrocution
 E - the +9 sword of Zonguldrok {reap}
   (You found it on level 6 of the Dungeon)

   If a monster killed with it leaves a corpse in good enough shape, the corpse
   will be animated as a zombie friendly to the killer.
Missiles
 b - 280 stones
 e - 5 boomerangs (quivered)
 i - 3 throwing nets
Armour
 c - a +0 robe (worn)
Jewellery
 a - an amulet of reflection (around neck)
 o - a ring of stealth (left claw)
Wands
 n - a wand of flame (23)
 y - a wand of digging (7)
Scrolls
 f - 3 scrolls of remove curse
 k - a scroll of random uselessness {unknown}
 p - a scroll of blinking {unknown}
 q - 2 scrolls of amnesia {unknown}
 r - a scroll of enchant armour {unknown}
 s - a scroll of identify
 v - a scroll of enchant weapon {unknown}
 z - a scroll of immolation {unknown}
 B - 5 scrolls of teleportation
 D - a scroll of noise {unknown}
 F - a scroll of fog {unknown}
Potions
 d - 3 potions of degeneration
 g - 3 potions of heal wounds
 j - a potion of curing
 t - 2 potions of might
 u - a potion of ambrosia
 w - a potion of berserk rage
 x - 2 potions of resistance
 A - a potion of brilliance
 C - a potion of stabbing


   Skills:
 - Level 1.0 Fighting
 + Level 7.0 Axes
 - Level 1.5 Dodging
 - Level 1.0 Stealth
 - Level 3.8 Unarmed Combat
 - Level 1.5 Spellcasting
 - Level 1.0 Transmutations
 - Level 3.4 Earth Magic


You had 7 spell levels left.
You knew the following spells:

 Your Spells              Type           Power        Failure   Level
a - Sandblast             Erth           ##....       6%          1
b - Passwall              Tmut/Erth      #.......     16%         2

Your spell library contained the following spells:

 Spells                   Type           Power        Failure   Level
 Animate Skeleton         Necr           #.....       26%         1
 Apportation              Tloc           #.....       26%         1
 Corona                   Hex            #......      26%         1
 Summon Small Mammal      Summ           #...         26%         1
 Stone Arrow              Conj/Erth      #.....       36%         3
 Petrify                  Tmut/Erth      #.......     69%         4
 Lee's Rapid Deconstruct  Erth           ##........   86%         5


Dungeon Overview and Level Annotations

Branches:
Dungeon (6/15)             Temple (1/1) D:4

Altars:
Ashenzari
Cheibriados
Dithmenos
Elyvilon
Fedhas
Gozag
Hepliaklqana
Makhleb
Nemelex Xobeh
Okawaru
Qazlal
Ru
Sif Muna
Trog
Uskayaw
Vehumet
Wu Jian
Xom
Zin
The Shining One

Shops:
D:4 =


Innate Abilities, Weirdness & Mutations

You are too large for most types of armour.
You have claws for hands.
Your natural rate of healing is unusually fast.
You are covered in fur. (AC +1)
You have extremely tough skin. (AC +3)
Scrolls take you a little longer to read.
Your flesh is heat resistant. (rF+)


Message History

You are more poisoned.
You block the gnoll's attack. The gnoll hits you with a +0 spear.
You are too injured to fight recklessly!
You are too injured to fight recklessly!
Unknown command.
You barely miss the gnoll sergeant.
The gnoll sergeant is almost dead.
You hit the gnoll.
You feel very sick.
The gnoll sergeant hits you with a +3 spear of venom!
* * * LOW HITPOINT WARNING * * *
The gnoll hits you from afar with a +0 spear.
* * * LOW HITPOINT WARNING * * *
The gnoll closely misses you.
The gnoll sergeant hits you with a +3 spear of venom!
* * * LOW HITPOINT WARNING * * *
You closely miss the gnoll sergeant.
The gnoll sergeant is almost dead.
You barely miss the gnoll.
You die...

....##.######........#### #.#
..#.##.#####............###.#
..#.##...[...............##.#
..#.##...###.............##.#
..#.##.#.# ##....)...###.##.#
......<#.# ##.[.#...# #.##.#
....####.# ##.##...#
#.##.##### ..### #.#
##.###.####......... ..#
#[#####.)@##.........#####
..# #.......g.g###########
†.# ###########g#.........#
..###.#########.#########.##
.....#........... #...#####
....###.#######..# #.......#
...## ##.######..# #...###.#
....###..........# ###.###.#
...#.#.#########. ##.#.##.#


You could see a gnoll sergeant and 2 gnolls.

Vanquished Creatures
  The ghost of seren the Insei, an amateur OpTm of Ashenzari (D:5)
  2 phantoms
  A sky beast (D:5)
  A centaur (D:6)
  4 bullfrogs (D:6)
  A jelly (D:5)
  A howler monkey (D:6)
  A bullfrog zombie (D:5)
  A bullfrog skeleton (D:5)
  2 hounds
  Ijyb (D:3)
  An iguana (D:5)
  An orc wizard (D:4)
  2 worker ants (D:6)
  6 adders
  A gnoll (D:6)
  4 river rats (D:5)
  2 white imps
  3 oozes
  2 adder skeletons (D:4)
  2 worms
  A dart slug (D:2)
  4 leopard geckos
  4 orcs (D:4)
  7 giant cockroaches
  13 goblins
  13 hobgoblins
  5 jackals
  A quokka (D:6)
  2 ball pythons
  6 bats
  7 frilled lizards
  3 kobolds
  A leopard gecko skeleton (D:6)
  A leopard gecko zombie (D:6)
  17 rats
125 creatures vanquished.

Notes
Turn   | Place    | Note
-------+----------+-------------------------------------------
     0 | D:1      | susurrous the Troll Earth Elementalist began the quest for
                  | the Orb.
     0 | D:1      | Reached XP level 1. HP: 16/16 MP: 1/1
   194 | D:1      | Reached XP level 2. HP: 21/24 MP: 2/2
   436 | D:1      | Reached skill level 1 in Unarmed Combat
   519 | D:1      | Reached XP level 3. HP: 32/32 MP: 4/4
   741 | D:1      | Learned a level 2 spell: Passwall
   965 | D:2      | Reached XP level 4. HP: 40/40 MP: 5/5
  1826 | D:3      | Noticed Ijyb
  1884 | D:3      | Killed Ijyb
  1884 | D:3      | Reached skill level 1 in Transmutations
  2108 | D:4      | Reached XP level 5. HP: 46/46 MP: 6/6
  2111 | D:4      | Reached skill level 1 in Fighting
  2277 | D:4      | Found Dypheuha's Jewellery Shoppe.
  2327 | D:4      | Noticed a phantom
  2386 | D:4      | Killed a phantom
  2386 | D:4      | Reached skill level 2 in Axes
  2386 | D:4      | Reached XP level 6. HP: 32/55 MP: 7/7
  2499 | D:4      | Noticed a moth of wrath
  2501 | D:4      | Found a bloodstained altar of Trog.
  2686 | D:4      | Found a staircase to the Ecumenical Temple.
  2710 | Temple   | Entered the Ecumenical Temple
  2841 | Temple   | Became a worshipper of Cheibriados the Contemplative
  2901 | D:5      | Entered Level 5 of the Dungeon
  3078 | D:5      | Reached skill level 3 in Axes
  3094 | D:5      | Noticed a sky beast
  3160 | D:5      | Killed a sky beast
  3252 | D:5      | Found a large runed translucent door.
  3252 | D:5      | Found a large runed translucent door.
  3253 | D:5      | Noticed seren's ghost (amateur OpTm)
  3354 | D:5      | Reached skill level 4 in Axes
  3354 | D:5      | Reached XP level 7. HP: 62/62 MP: 8/8
  3740 | D:5      | Reached * piety under Cheibriados
  3819 | D:5      | Reached skill level 5 in Axes
  4010 | D:5      | Killed seren's ghost
  4021 | D:5      | Gained mutation: You are agile. (Dex +2) [potion of
                  | mutation]
  4021 | D:5      | Gained mutation: Your spells are a little harder to cast,
                  | but a little more powerful. [potion of mutation]
  4021 | D:5      | Gained mutation: You passively map a small area around you.
                  | [potion of mutation]
  4022 | D:5      | Lost mutation: You are agile. (Dex +2) [potion of mutation]
  4022 | D:5      | Lost mutation: You passively map a small area around you.
                  | [potion of mutation]
  4022 | D:5      | Lost mutation: Your spells are a little harder to cast, but
                  | a little more powerful. [potion of mutation]
  4022 | D:5      | Gained mutation: Scrolls take you a little longer to read.
                  | [potion of mutation]
  4022 | D:5      | Gained mutation: Your flesh is heat resistant. (rF+)
                  | [potion of mutation]
  4130 | D:6      | Reached skill level 6 in Axes
  4194 | D:6      | Reached XP level 8. HP: 70/70 MP: 9/9
  4316 | D:6      | Found a white marble altar of Elyvilon.
  4318 | D:6      | Found a shimmering altar of Xom.
  4318 | D:6      | Found a burning altar of Makhleb.
  4320 | D:6      | Found an ornate altar of the Wu Jian Council.
  4320 | D:6      | Found a shimmering blue altar of Sif Muna.
  4320 | D:6      | Found a glowing golden altar of the Shining One.
  4346 | D:6      | Found the +9 sword of Zonguldrok {reap}
  4561 | D:6      | Reached skill level 7 in Axes
  4731 | D:6      | HP: 2/70 [gnoll sergeant/+3 spear of venom (8)]
  4732 | D:6      | Succumbed to a gnoll sergeant's poison

Illustrated notes

Levels and vault maps discovered:
D:1:      dpeg_arrival_rooms_a, layout_basic
D:2:      layout_loops_ring, minmay_domino_4
D:3:      kennysheep_the_goblin_king, layout_basic
D:4:      layout_rooms, tgw_trog, minmay_temple_entry_enclosed_plants,
          serial_shops, shop
D:5:      layout_basic, portal_sewer_entry_b, ebering_ghost_disaster_area,
          uniq_ijyb
D:6:      layout_loops_ring, doesnt_xom_only_xom
Temple:   roderic_octagonal_lattice_temple

Skill      XL: |  1  2  3  4  5  6  7  8 |
---------------+-------------------------+-----
Earth Magic    | 3 |  3.4
Unarmed Combat | 1 2 3 |  3.8
Transmutations | 1 |  1.0
Fighting       | 1 |  1.0
Axes           | 2 4 6 7 |  7.0
Dodging        | |  1.5
Stealth        | |  1.0
Spellcasting   | |  1.5

Action                   |  1- 3 |  4- 6 |  7- 9 || total
-------------------------+-------+-------+-------++-------
Melee: Unarmed           |   129 |   133 |    17 ||   279
       Punch             |       |     2 |       ||     2
       War axe           |       |    81 |    94 ||   175
Throw: Boomerang         |       |    15 |       ||    15
  Use: Scroll            |     3 |     2 |     7 ||    12
       Potion            |       |       |     2 ||     2
 Stab: Sleeping          |       |     3 |     4 ||     7
Armor: Robe              |    36 |    69 |    33 ||   138
Dodge: Dodged            |    53 |   109 |    44 ||   206
Block: Other             |    32 |    48 |    26 ||   106
       Reflection        |       |     2 |     1 ||     3

Table legend: (Time is in decaauts)
 A = Elapsed time spent in this place.
 B = Non-inter-level travel time spent in this place.
 C = Inter-level travel time spent in this place.
 D = Time resting spent in this place.
 E = Time spent auto-exploring this place.
 F = Levels seen in this place.
 G = Mean time per level.
                   A        B        C        D        E       F      G
               +--------+--------+--------+--------+--------+-----+--------+
         Total |   5264 |   5054 |    210 |    190 |   3759 |   7 |  752.0 |
       Dungeon |   5101 |   4935 |    166 |    190 |   3645 |   6 |  850.2 |
        Temple |    162 |    118 |     44 |      0 |    114 |   1 |  162.0 |
               +--------+--------+--------+--------+--------+-----+--------+

Top non-repeatable levels by time:
     D:5: 1419 daAuts
     D:6: 910 daAuts
     D:1: 800 daAuts
     D:3: 737 daAuts
     D:4: 682 daAuts
     D:2: 550 daAuts
  Temple: 162 daAuts
